[Event "Stay Safe Play From Home 413"]
[Site "Emanuel Lasker Arena"]
[Date "2020.08.26"]
[Round "2"]
[White "Padmaesh M K"]
[Black "Nguyen Hong Anh"]
[Result "0-1"]
[WhiteElo "1814"]
[BlackElo "2176"]
[PlyCount "58"]
[EventDate "2020.08.26"]
[EventType "swiss (blitz)"]
[TimeControl "300"]

1. Nf3 Nf6 2. g3 g6 3. Bg2 Bg7 4. O-O O-O 5. c4 d5 6. d4 dxc4 7. Ne5 c5 8. dxc5 Qc7 9. Nxc4 Qxc5 10. Qb3 Nc6 11. Be3 Qh5 12. Nc3 Ng4 13. h4 Na5 14. Nxa5 Nxe3 15. fxe3 Qxa5 16. Rac1 Be6 17. Qxb7 Rab8 18. Qxe7 Rxb2 19. Ne4 Rxe2 20. Ng5 Qxa2 21. Qb7 Rxe3 22. Nxf7 Rxf7 23. Rxf7 Bxf7 24. Rf1 Re2 25. Rxf7 Rxg2+ 26. Qxg2 Qxg2+ 27. Kxg2 Kxf7 28. Kf3 a5 29. g4 a4 {[%emt 0:00:01] Padmaesh M K resigns (Lag: Av=1.11s, max=2.0s)} 0-1